 Dungeon Crawl Stone Soup version 0.28.0-45-g0d030f2227 (webtiles) character file.

Game seed: 10465233307138423057

551 NinjaNoafa the Ruffian (level 7, -4/57 HPs)
             Began as a Yellow Draconian Transmuter on Apr 4, 2022.
             Was a Priest of Wu Jian.
             Slain by Prince Ribbit (11 damage)
             ... on level 5 of the Dungeon.
             The game lasted 00:12:28 (4668 turns).

NinjaNoafa the Ruffian (DrTm)                       Turns: 4668, Time: 00:12:29

Health: -4/57      AC:  6    Str: 19    XL:     7   Next: 7%
Magic:  11/11      EV: 12    Int: 21    God:    Wu Jian [***...]
Gold:   151        SH:  0    Dex: 11    Spells: 10/12 levels left

rFire   . . .      SeeInvis .   m - +2 dagger (venom)
rCold   . . .      Faith    .   (no shield)
rNeg    . . .      Spirit   .   (armour unavailable)
rPois   .          Reflect  .   (helmet restricted)
rElec   .          Harm     .   (no cloak)
rCorr   +          Rampage  .   (no gloves)
Will    .....                   (no boots)
Stlth   ++........              (no amulet)
HPRegen 0.19/turn               d - +6 ring of strength
MPRegen 0.12/turn               h - +6 ring of intelligence

@: no status effects
A: spit acid, AC +6, unfitting armour, cold-blooded, acid resistance
a: Breathe Acid, Renounce Religion, Wall Jump, Serpent's Lash


You were on level 5 of the Dungeon.
You worshipped Wu Jian.
Wu Jian was most pleased with you.
You visited 1 branch of the dungeon, and saw 5 of its levels.

You collected 151 gold pieces.

Inventory:

Hand Weapons
 a - a +0 dagger
 m - a +2 dagger of venom (weapon)
Missiles
 b - 81 stones (quivered)
 i - 11 sling bullets
Jewellery
 d - a +6 ring of strength (left hand)
 g - a +6 ring of strength
 h - a +6 ring of intelligence (right hand)
Scrolls
 c - a scroll of vulnerability
 f - 2 scrolls of amnesia
 j - a scroll of summoning {unknown}
Potions
 e - 2 potions of curing
 k - a potion of degeneration


   Skills:
 - Level 3.0 Fighting
 * Level 0.2 Short Blades
 - Level 3.0 Dodging
 - Level 3.0 Stealth
 - Level 4.0 Unarmed Combat
 + Level 3.1 Spellcasting
 + Level 1.5 Conjurations
 + Level 3.4 Transmutations
 + Level 1.6 Fire Magic


You had 10 spell levels left.
You knew the following spells:

 Your Spells              Type           Power      Damage    Failure   Level
a - Beastly Appendage     Tmut           34%        N/A       3%          1
b - Foxfire               Conj/Fire      40%        2x1d6     7%          1

Your spell library contained the following spells:

 Spells                   Type           Power      Damage    Failure   Level
 Wereblood                Tmut           17%        N/A       4%          2
 Slow                     Hex            12%        N/A       13%         1
 Spider Form              Tmut/Pois      10%        N/A       19%         3
 Conjure Flame            Conj/Fire      10%        6-21      21%         3
 Inner Flame              Hex/Fire       6%         N/A       28%         3
 Confusing Touch          Hex            3%         N/A       36%         3
 Vampiric Draining        Necr           3%         2d6       36%         3
 Ice Form                 Ice/Tmut       10%        N/A       54%         4
 Flame Wave               Conj/Fire      10%        2d5       56%         4


Dungeon Overview and Level Annotations

Branches:
Dungeon (5/15)
 Temple: D:4-7

Altars:
Trog
Wu Jian

Annotations:
D:5 Prince Ribbit


Innate Abilities, Weirdness & Mutations

You can spit globs of acid.
Your golden yellow scales are hard. (AC +6)
You cannot fit into any form of body armour.
You are cold-blooded and may be slowed by cold attacks.
You are resistant to acid. (rCorr)


Message History

You barely miss the bullfrog skeleton. You tail-slap the bullfrog skeleton.
The bullfrog skeleton is moderately damaged.
The bullfrog skeleton hits you.
You hit the bullfrog skeleton.
The bullfrog skeleton is heavily damaged.
The bullfrog skeleton hits you.
The bullfrog skeleton barely misses you.
You hit the bullfrog skeleton.
The bullfrog skeleton is heavily damaged.
The bullfrog skeleton closely misses you.
You hit the bullfrog skeleton. You tail-slap the bullfrog skeleton.
The bullfrog skeleton is almost destroyed.
The bullfrog skeleton hits you but does no damage.
You hit the bullfrog skeleton.
You destroy the bullfrog skeleton!
The Council accepts your kill.
Training target 3.0 for Stealth reached!
Your Stealth skill increases to level 3!
HP restored.
Prince Ribbit comes into view.
Found 25 gold pieces.
The helpless Prince Ribbit fails to defend himself.
You puncture Prince Ribbit!
Prince Ribbit is poisoned.
Prince Ribbit is heavily wounded.
Prince Ribbit hits you. Prince Ribbit hits you!
You barely miss Prince Ribbit.
Prince Ribbit is heavily wounded.
Prince Ribbit barely misses you.
You miss Prince Ribbit.
Prince Ribbit is heavily wounded.
Prince Ribbit hits you!
You closely miss Prince Ribbit.
Your tail-slap misses Prince Ribbit.
Prince Ribbit is heavily wounded.
Prince Ribbit hits you. x2
You see here a scroll labelled PUNUSCHYUPP.
j - a scroll labelled PUNUSCHYUPP Prince Ribbit closely misses you.
Prince Ribbit hits you!
* * * LOW HITPOINT WARNING * * *
Prince Ribbit hits you!
You die...

...###...###...###...##
....#.###.#.....#.###.#
...#...#...#...#...# .#
####...#...#####...# #
...#...#...#...#...# .#
....#.###.#.....#.###.#
...###. .###...###...##
###.# ... #.###F#.....#
.# .# ..#.. #..@#...#..
.# ####. #...##### . .#
#. #..$# ## . ##.#. ..
.# .###. .... .. #
...#.. .. #### . ###


You could see Prince Ribbit (very poisoned).

Vanquished Creatures
  An ogre (D:4)
  A howler monkey (D:5)
  A centaur zombie (D:4)
  2 hounds (D:4)
  A bullfrog skeleton (D:5)
  A centaur skeleton (D:4)
  3 iguanas (D:4)
  A gnoll (D:1)
  7 adders
  An adder skeleton (D:4)
  A worm (D:2)
  3 dart slugs
  4 orcs
  4 ball pythons
  8 bats
  9 endoplasms
  3 giant cockroaches
  10 goblins
  8 hobgoblins
  8 jackals (D:1)
  8 kobolds
  3 quokkas
  3 frilled lizards
  7 rats
98 creatures vanquished.

Vanquished Creatures (others)
  A hound (D:4)
  4 plants (D:1)
5 creatures vanquished.

Grand Total: 103 creatures vanquished

Notes
Turn   | Place    | Note
-------+----------+-------------------------------------------
     0 | D:1      | NinjaNoafa the Draconian Transmuter began the quest for the
                  | Orb.
     0 | D:1      | Reached XP level 1. HP: 16/16 MP: 3/3
    24 | D:1      | Reached XP level 2. HP: 4/23 MP: 3/5
   677 | D:1      | Reached XP level 3. HP: 27/28 MP: 4/6
   980 | D:1      | Found a faded altar of an unknown god.
   996 | D:1      | Prayed at the altar of an unknown god.
   996 | D:1      | Became a worshipper of the Wu Jian Council
   996 | D:1      | Reached * piety under Wu Jian
  1363 | D:2      | Found a bloodstained altar of Trog.
  1736 | D:2      | Reached XP level 4. HP: 33/36 MP: 5/7
  1941 | D:2      | Reached skill level 1 in Stealth
  2901 | D:3      | Reached ** piety under Wu Jian
  3403 | D:4      | Reached XP level 5. HP: 41/41 MP: 8/8
  3772 | D:4      | Reached skill level 1 in Fire Magic
  3794 | D:4      | Reached XP level 6. HP: 33/50 MP: 10/10
  3798 | D:4      | Reached skill level 1 in Conjurations
  3810 | D:4      | Reached skill level 4 in Unarmed Combat
  4221 | D:4      | Reached *** piety under Wu Jian
  4440 | D:5      | Entered Level 5 of the Dungeon
  4443 | D:5      | Learned a level 1 spell: Foxfire
  4482 | D:5      | Your scales start taking on a golden yellow colour.
  4482 | D:5      | Reached XP level 7. HP: 57/57 MP: 11/11
  4482 | D:5      | Gained mutation: You are resistant to acid. (rCorr) [Yellow
                  | Draconian growth]
  4658 | D:5      | Noticed Prince Ribbit
  4668 | D:5      | Slain by Prince Ribbit

Illustrated notes

Levels and vault maps discovered:
D:1:      dpeg_arrival_tiny_a, layout_loops_cross, basic_ecumenical_altar,
          grunt_decor_junction, grunt_decor_clamped, chequers_mini_garden,
          nicolae_grassy_gnolls
D:2:      minmay_skewed_foursquare, layout_basic, basic_altar
D:3:      layout_loops_corners
D:4:      layout_rooms, minmay_fractal_squares_5
D:5:      nicolae_cairo_tiling, layout_cave_pods, kennysheep_big_empty_room,
          uniq_prince_ribbit1

Skill      XL: |  1  2  3  4  5  6  7 |
---------------+----------------------+-----
Dodging        | 2 3 |  3.0
Fighting       | 2 3 |  3.0
Stealth        | 1 2 3 |  3.0
Transmutations | 3 |  3.4
Fire Magic     | 1 |  1.6
Conjurations   | 1 |  1.5
Unarmed Combat | 4 |  4.0
Spellcasting   | 3 |  3.1
Short Blades   | |  0.2

Action                   |  1- 3 |  4- 6 |  7- 9 || total
-------------------------+-------+-------+-------++-------
Melee: Unarmed           |   114 |   125 |       ||   239
       Kick              |    10 |    14 |       ||    24
       Headbutt          |     8 |    11 |       ||    19
       Tailslap          |     7 |    16 |     2 ||    25
       Punch             |     3 |     1 |     1 ||     5
       Dagger            |       |    64 |    12 ||    76
Throw: Stone             |    19 |       |       ||    19
 Cast: Beastly Appendage |     9 |     8 |       ||    17
Invok: Whirlwind         |    12 |     6 |       ||    18
       Lunge             |     2 |    16 |     1 ||    19
 Abil: Wall Jump         |       |     3 |       ||     3
  Use: Potion            |       |     7 |       ||     7
       Scroll            |       |     6 |       ||     6
 Stab: Sleeping          |     1 |     5 |     1 ||     7
       Invisible         |       |     3 |       ||     3
Armor: Skin              |    53 |   198 |     1 ||   252
Dodge: Dodged            |    94 |   153 |     5 ||   252
